 Dungeon Crawl Stone Soup version 0.19.5 (webtiles) character file.

6458 equalderp2856 the Gouger (level 10, -1/44 HPs)
             Began as a Felid Fighter on Mar 10, 2017.
             Killed from afar by an orc sorcerer (23 damage)
             ... with a bolt of fire
             ... on level 1 of the Orcish Mines.
             The game lasted 01:39:24 (31043 turns).

equalderp2856 the Gouger (Felid Fighter)           Turns: 31043, Time: 01:39:25

Health: -1/44      AC:  2    Str: 13      XL:     10   Next: 67%
Magic:  11/18      EV: 35    Int: 10 (12) God:
Gold:   1151       SH:  0    Dex: 16      Spells: 6 memorised, 4 levels left
                                        Lives:  0   Deaths: 2

rFire  . . .     SeeInvis +       - Unarmed
rCold  . . .     Gourm    .     (armour unavailable)
rNeg   . . .     Faith    .     (shield unavailable)
rPois  .         Spirit   .     (helmet unavailable)
rElec  .         Reflect  .     (cloak unavailable)
rCorr  .         Harm     .     (gloves unavailable)
MR     +....                    (boots unavailable)
Stlth  +++++.....               (no amulet)
                                u - +5 ring of evasion
                                y - +5 ring of evasion

@: studying 2 skills, repel missiles, drained, quick
A: no armour, no weapons or thrown items, stealth, claws 1, fangs 3, see
invisible, carnivore 3, speed 1, shaggy fur 2, slow metabolism 1, sharp paws
a: no special abilities


You were on level 1 of the Orcish Mines.
You were very hungry.

You visited 3 branches of the dungeon, and saw 13 of its levels.
You also visited: Bailey.

You collected 1151 gold pieces.

Inventory:

Missiles
 m - 298 arrows
Jewellery
 s - an uncursed ring of resist corrosion
 u - a +5 ring of evasion (right paw)
 y - a +5 ring of evasion (left paw)
 B - a +2 ring of slaying
 D - an uncursed ring of protection from magic
 G - an uncursed ring of flight
Wands
 n - a wand of acid (0/15)
 A - a wand of confusion (4/48)
 C - a wand of confusion (20/48)
 E - a wand of lightning (0/15)
Scrolls
 d - 10 scrolls of identify
 e - 2 scrolls of noise
 h - 6 scrolls of remove curse
 j - 4 scrolls of enchant armour
 p - a scroll of fear
 q - 4 scrolls of teleportation
Potions
 a - 4 potions of might
 c - 3 potions of lignification
 f - 3 potions of degeneration
 i - a potion of cure mutation
 l - 2 potions of resistance
 t - 2 potions of agility
 I - a potion of haste {unknown}
 K - a potion of berserk rage
 M - a potion of beneficial mutation {unknown}
Books
 r - a manual of Conjurations
 v - a book of Minor Magic

   Spells                             Type                      Level
   a - Magic Dart                     Conjuration                  1
   b - Blink                          Translocation                2
   c - Call Imp                       Summoning                    2
   d - Repel Missiles                 Charms/Air                   2
   e - Slow                           Hexes                        2
   f - Conjure Flame                  Conjuration/Fire             3
   g - Mephitic Cloud                 Conjuration/Poison/Air       3
 w - a manual of Hexes
 x - a book of Power

   Spells                             Type                      Level
   a - Fulminant Prism                Conjuration/Hexes            4
   b - Iskenderun's Mystic Blast      Conjuration                  4
   c - Venom Bolt                     Conjuration/Poison           5
   d - Bolt of Magma                  Conjuration/Fire/Earth       5
   e - Iron Shot                      Conjuration/Earth            6
   f - Orb of Destruction             Conjuration                  7
   g - Spellforged Servitor           Conjuration/Summoning        7
 H - a book of Flames

   Spells                             Type                      Level
   a - Flame Tongue                   Conjuration/Fire             1
   b - Throw Flame                    Conjuration/Fire             2
   c - Conjure Flame                  Conjuration/Fire             3
   d - Inner Flame                    Hexes/Fire                   3
   e - Sticky Flame                   Conjuration/Fire             4
   f - Fireball                       Conjuration/Fire             5
 L - a Young Poisoner's Handbook

   Spells                             Type                      Level
   a - Sting                          Conjuration/Poison           1
   b - Mephitic Cloud                 Conjuration/Poison/Air       3
   c - Olgreb's Toxic Radiance        Poison                       4
   d - Alistair's Intoxication        Transmutation/Poison         5
   e - Venom Bolt                     Conjuration/Poison           5
Miscellaneous
 N - a phial of floods
Comestibles
 b - 10 meat rations
 g - 8 slices of pizza
 o - 4 royal jellies
 z - 3 beef jerkies
 J - 4 bread rations


   Skills:
 - Level 5.5(4.8) Fighting
 - Level 10.3(9.5) Dodging
 - Level 9.6(8.9) Stealth
 - Level 14.5(13.7) Unarmed Combat
 + Level 5.1(4.4) Spellcasting
 + Level 5.0(4.4) Conjurations
 + Level 3.3(2.7) Earth Magic


You had 4 spell levels left.
You knew the following spells:

 Your Spells              Type           Power        Failure   Level  Hunger
a - Magic Dart            Conj           ##..         4%          1    #......
b - Blink                 Tloc           N/A          38%         2    ##.....
c - Call Imp              Summ           #.......     38%         2    ##.....
d - Repel Missiles        Chrm/Air       #.....       38%         2    ##.....
e - Slow                  Hex            #.......     38%         2    ##.....
f - Iron Shot             Conj/Erth      #.........   100%        6    #######


Dungeon Overview and Level Annotations

Branches:
Dungeon (11/15)            Temple (1/1) D:5            Lair (0/6) D:11
    Orc (1/2) D:10

Altars:
Ashenzari
Cheibriados
Dithmenos
Elyvilon
Fedhas
Gozag
Hepliaklqana
Kikubaaqudgha
Makhleb
Nemelex Xobeh
Okawaru
Qazlal
Ru
Sif Muna
Trog
Uskayaw
Vehumet
Xom
Yredelemnul
Zin
The Shining One

Shops:
D:4 *   D:5 =

Annotations:
D:6 exclusion: 8 doors
D:10 Urug
D:11 exclusion: 2 oklob plants, tof's ghost, journeyman MiBe


Innate Abilities, Weirdness & Mutations

You cannot wear armour.
You are incapable of wielding weapons or throwing items.
Your paws allow you to move quietly. (Stealth)
You have sharp claws.
You have razor-sharp teeth.
You have supernaturally acute eyesight. (SInv)
You are carnivorous and can eat meat at any time.
You cover ground quickly.
You are covered in thick fur. (AC +2)
You have a slow metabolism.
Your sharp claws are effective at attacking unaware monsters.


Message History

The orc sorcerer hits you with a dagger.
* * * LOW HITPOINT WARNING * * *
The neqoxec gestures at you.
You feel dopey. Something feeds on your intellect!
You can move again.
You feel much better. The orc sorcerer misses you.
You barely miss the orc sorcerer.
The orc sorcerer is severely wounded.
The smoke demon misses you. x2; The smoke demon completely misses you.
The orc sorcerer misses you.
You scratch the orc sorcerer.
You bite the orc sorcerer, but do no damage.
The orc sorcerer is almost dead.
The neqoxec completely misses you. The smoke demon barely misses you.
The smoke demon misses you. x2
The orc sorcerer gestures at you while chanting.
The bolt of fire hits you!
Ouch! That really hurt!
You die...

#....#...#.## ####.......#..##
##.........#....###
##........##.......#
##.#........)....#...
#......##.....#####..
#####..)..####....###...
##.#..).$...##......#..(.
#......#@3..........##..#
##....##3o........o.#...#
##.......#.......##....###
####....#..........##.......#
##.##....#............(.......
#.......#...>..#.#......<.....
##.........##..####...[...#...
##.#...#.#.....##....).##....
###....#.......#....)[#.....


You could see a smoke demon, a neqoxec and an orc sorcerer.

Vanquished Creatures
  Erolcha (D:10)
  A hydra (D:10)
  Sonja (D:11)
  2 orc knights (Bailey)
  Pikel (D:9)
  An ugly thing (D:9)
  A cyclops (D:9)
  Maurice (D:9)
  A centaur skeleton (D:11)
  A two-headed ogre (D:10)
  Prince Ribbit (D:9)
  2 hornets
  Grinder (D:3)
  2 dream sheep (D:10)
  4 hippogriffs
  A vampire (D:11)
  12 yaks
  A wyvern (D:11)
  Grum (D:8)
  A hill giant zombie (D:10)
  A hungry ghost (D:10)
  A steam dragon (D:9)
  A mottled dragon (D:11)
  2 water moccasins
  A soldier ant (D:10)
  2 ice beasts
  4 sky beasts
  A black bear (D:10)
  4 phantoms
  8 orc warriors
  The ghost of tyranidshit the Skirmisher, an amateur DsAK of Lugonu (D:3)
  A necrophage (D:7)
  3 wolves
  The ghost of Felix the Poker, an amateur MfSk (D:4)
  7 centaurs
  8 ogres
  Blork the orc (D:6)
  3 big kobolds (D:10)
  6 bullfrogs
  A gnoll sergeant (Orc:1)
  3 scorpions
  2 troll zombies (D:10)
  6 killer bees
  5 wights (D:11)
  4 electric eels (D:6)
  A centaur zombie (D:9)
  7 crimson imps
  6 hounds
  A gnoll shaman (Orc:1)
  9 orc priests
  3 jellies
  12 orc wizards
  3 bullfrog skeletons
  3 iguanas
  Jessica (D:2)
  Ijyb (D:2)
  12 worker ants
  A killer bee zombie (D:8)
  5 ogre zombies (D:10)
  A hound zombie (D:5)
  16 gnolls
  A worker ant zombie (D:6)
  16 adders
  3 shadow imps
  2 adder skeletons
  An adder zombie (D:6)
  2 worms
  9 leopard geckos
  48 orcs
  5 giant cockroaches
  7 goblins
  10 hobgoblins
  12 jackals
  4 quokkas
  2 ball pythons
  3 bats
  3 frilled lizards
  A goblin skeleton (D:10)
  A goblin zombie (D:10)
  3 hobgoblin skeletons (D:10)
  5 hobgoblin zombies (D:10)
  A jackal skeleton (D:7)
  3 kobolds
  4 orc skeletons (D:10)
  11 orc zombies (D:10)
  2 quokka zombies (D:7)
  8 rats
363 creatures vanquished.

Vanquished Creatures (collateral kills)
  An orc (Orc:1)
1 creature vanquished.

Vanquished Creatures (others)
  4 slaves (D:9)
  An adder zombie (D:6)
  A leopard gecko (D:6)
  A quokka skeleton (D:6)
  2 plants (D:11)
9 creatures vanquished.

Grand Total: 373 creatures vanquished

Notes
Turn   | Place    | Note
-------+----------+-------------------------------------------
     0 | D:1      | equalderp2856 the Felid Fighter began the quest for the Orb.
     0 | D:1      | Reached XP level 1. HP: 10/10 MP: 2/2
   286 | D:1      | Reached XP level 2. HP: 14/14 MP: 3/3
   948 | D:2      | Noticed Ijyb
  1289 | D:2      | Noticed Jessica
  1298 | D:2      | Killed Jessica
  1298 | D:2      | Reached skill level 1 in Stealth
  1298 | D:2      | Reached XP level 3. HP: 16/17 MP: 4/4
  1335 | D:2      | Killed Ijyb
  1335 | D:2      | Reached skill level 5 in Unarmed Combat
  1335 | D:2      | Reached XP level 4. HP: 21/21 MP: 5/5
  1775 | D:3      | Noticed Grinder
  1784 | D:3      | Paralysed by Grinder for 5 turns
  1888 | D:3      | Noticed tyranidshit's ghost (amateur DsAK)
  1947 | D:4      | Found Vaodoqit's Assorted Antiques.
  2037 | D:4      | Found a shadowy altar of Dithmenos.
  2183 | D:4      | Noticed a phantom
  2213 | D:4      | Killed a phantom
  2213 | D:4      | Reached skill level 5 in Dodging
  2213 | D:4      | Reached XP level 5. HP: 16/24 MP: 6/6
  2218 | D:4      | Reached skill level 6 in Unarmed Combat
  2219 | D:4      | Noticed Felix's ghost (amateur MfSk)
  2668 | D:3      | Gained mutation: You are covered in thick fur. (AC +2) [Felid growth]
  2668 | D:3      | Reached XP level 6. HP: 17/28 MP: 7/7
  3126 | D:3      | Killed Grinder
  3126 | D:3      | Reached skill level 7 in Unarmed Combat
  3174 | D:3      | Reached XP level 7. HP: 18/31 MP: 8/8
  4119 | D:5      | Entered Level 5 of the Dungeon
  4150 | D:5      | You fall through a shaft!
  4312 | D:6      | Noticed Blork the orc
  4397 | D:7      | You fall through a shaft!
  4416 | D:8      | Noticed a hippogriff
  4589 | D:8      | Reached skill level 8 in Unarmed Combat
  5076 | D:8      | HP: 1/31 [orc wizard/magic dart (5)]
  5083 | D:8      | Reached XP level 8. HP: 14/36 MP: 9/9
  5259 | D:7      | Found a hide-covered altar of Uskayaw.
  5366 | D:6      | Reached skill level 5 in Stealth
  5753 | D:6      | Found a sacrificial altar of Ru.
  6149 | D:5      | Found an opulent altar of Gozag.
  6451 | D:5      | Reached skill level 9 in Unarmed Combat
  6473 | D:5      | Found a staircase to the Ecumenical Temple.
  6639 | D:5      | Found Hiekk's Jewellery Emporium.
  6943 | Temple   | Entered the Ecumenical Temple
  8429 | D:6      | Killed Blork the orc
  8595 | D:7      | Reached XP level 9. HP: 39/39 MP: 10/10
  8668 | D:7      | Reached skill level 10 in Unarmed Combat
  9204 | D:7      | Found a blossoming altar of Fedhas.
  9208 | D:7      | Found a sparkling altar of Nemelex Xobeh.
  9213 | D:7      | Found a bloodstained altar of Trog.
 10067 | D:9      | Noticed Grum
 10338 | D:8      | Killed Grum
 10338 | D:8      | Reached skill level 11 in Unarmed Combat
 10374 | D:8      | HP: 1/39 [poisoned by Grum]
 11953 | D:9      | Noticed Maurice
 11974 | D:9      | Killed Maurice
 11974 | D:9      | Reached XP level 10. HP: 42/43 MP: 11/11
 12045 | D:9      | Noticed Prince Ribbit
 12101 | D:9      | Noticed Pikel
 12123 | D:9      | Killed Pikel
 12376 | D:9      | Reached skill level 12 in Unarmed Combat
 12877 | D:9      | Killed Prince Ribbit
 12957 | D:10     | Entered Level 10 of the Dungeon
 13400 | D:9      | Reached skill level 5 in Fighting
 13859 | D:9      | Reached skill level 13 in Unarmed Combat
 13969 | D:9      | Noticed a cyclops
 14294 | D:9      | HP: 2/44 [cyclops/large rock (42)]
 14912 | D:9      | Killed a cyclops
 15411 | D:10     | Found a staircase to the Orcish Mines.
 15727 | D:10     | Reached XP level 11. HP: 39/47 MP: 12/12
 16567 | D:10     | Noticed Erolcha
 16658 | D:10     | Killed Erolcha
 16658 | D:10     | Reached skill level 10 in Dodging
 16825 | D:10     | Noticed Urug
 17151 | D:10     | Reached skill level 14 in Unarmed Combat
 17305 | D:10     | Noticed a two-headed hydra
 17403 | D:10     | Killed a two-headed hydra
 17686 | D:10     | Learned a level 1 spell: Magic Dart
 17689 | D:10     | Learned a level 2 spell: Blink
 17692 | D:10     | Learned a level 2 spell: Call Imp
 17695 | D:10     | Learned a level 2 spell: Repel Missiles
 17698 | D:10     | Learned a level 2 spell: Slow
 18221 | D:10     | Reached skill level 1 in Spellcasting
 18382 | D:7      | Identified 3 scrolls of acquirement
 18903 | D:4      | Killed Felix's ghost
 19370 | D:3      | Killed tyranidshit's ghost
 20944 | D:6      | Killed from afar by an electric eel
 20945 | D:6      | Reached XP level 10. HP: -1/44 MP: 14/14
 21779 | D:6      | Noticed a deep elf knight
 21783 | D:6      | Noticed a deep elf knight
 21786 | D:6      | Noticed a deep elf mage
 21789 | D:6      | Noticed a deep elf knight
 22300 | D:11     | Noticed a brown ugly thing
 22576 | D:9      | Killed a brown ugly thing
 22597 | D:9      | Learned a level 6 spell: Iron Shot
 22743 | D:11     | Reached skill level 1 in Conjurations
 22896 | D:11     | Reached skill level 1 in Earth Magic
 22976 | D:11     | Reached XP level 11. HP: 48/48 MP: 15/18
 23008 | D:11     | Found a staircase to the Lair.
 23008 | D:11     | Noticed tof's ghost (journeyman MiBe)
 23166 | D:11     | Noticed Sonja
 23171 | D:11     | Killed Sonja
 23352 | D:11     | Noticed an oklob plant
 23360 | D:11     | Noticed an oklob plant
 24227 | D:10     | Noticed a frost giant
 24303 | D:10     | Killed from afar by a frost giant
 24304 | D:10     | Reached XP level 10. HP: -1/44 MP: 9/17
 24350 | D:10     | Noticed an eight-headed hydra
 24382 | Orc:1    | Entered Level 1 of the Orcish Mines
 24947 | Orc:1    | Found a flagged portal.
 24960 | Bailey   | Entered a bailey
 25517 | Bailey   | Noticed an orc knight
 27236 | Bailey   | Noticed an orc knight
 27247 | Bailey   | Killed an orc knight
 30237 | Bailey   | Killed an orc knight
 30237 | Bailey   | Reached skill level 5 in Spellcasting
 30237 | Bailey   | Reached skill level 5 in Conjurations
 31023 | Orc:1    | Noticed an orc sorcerer
 31034 | Orc:1    | Paralysed by an orc sorcerer for 6 turns
 31040 | Orc:1    | Noticed a smoke demon
 31043 | Orc:1    | Killed from afar by an orc sorcerer

Skill      XL: |  1  2  3  4  5  6  7  8  9 10 11 |
---------------+----------------------------------+-----
Stealth        | 1 2 3 4 7 8 9 |  9.6
Unarmed Combat | 5 6 7 8 9 11 13 14 | 14.5
Dodging        | 5 6 7 8 9 10 | 10.3
Fighting       | 4 5 |  5.5
Spellcasting   | 5 2 |  5.1
Conjurations   | 5 3 |  5.0
Earth Magic    | 3 2 |  3.3

Action                   |  1- 3 |  4- 6 |  7- 9 | 10-12 || total
-------------------------+-------+-------+-------+-------++-------
Melee: Unarmed           |    51 |   132 |   345 |   722 ||  1250
       Bite              |     6 |    15 |    42 |    78 ||   141
       Punch             |       |     4 |    16 |    46 ||    66
 Cast: Magic Dart        |       |       |       |   582 ||   582
       Call Imp          |       |       |       |    29 ||    29
       Slow              |       |       |       |    42 ||    42
       Blink             |       |       |       |     1 ||     1
       Repel Missiles    |       |       |       |     1 ||     1
Evoke: Wand              |       |       |       |    16 ||    16
  Use: Scroll            |       |     7 |       |    13 ||    20
       Potion            |       |       |     4 |     6 ||    10
 Stab: Sleeping          |     1 |     1 |    14 |    16 ||    32
       Distracted        |       |       |       |     8 ||     8
       Confused          |       |       |       |     1 ||     1
  Eat: Chunk             |     7 |     4 |    15 |    22 ||    48
       Royal jelly       |       |       |       |     7 ||     7
Armor: Skin              |     1 |     2 |    14 |    11 ||    28
Dodge: Dodged            |    28 |    85 |   294 |   641 ||  1048
       Deflected         |       |       |       |     1 ||     1
